 Dungeon Crawl Stone Soup version 0.23.2-40-g277498a001 (webtiles) character file.

Game seed: 10474928342854021892

4935 MalarOregon the Firebug (level 10, -7/86 HPs)
             Began as a Green Draconian Fire Elementalist on Sept 11, 2019.
             Was a Believer of Kikubaaqudgha.
             Mangled by a two-headed ogre
             ... wielding a +0 giant spiked club
              (17 damage)
             ... on level 8 of the Dungeon.
             The game lasted 00:23:41 (10826 turns).

MalarOregon the Firebug (DrFE)                     Turns: 10826, Time: 00:23:42

Health: -7/86      AC: 12    Str: 18    XL:     10   Next: 27%
Magic:  14/19      EV: 15    Int: 19    God:    Kikubaaqudgha [**....]
Gold:   148        SH:  0    Dex: 11    Spells: 12/22 levels left

rFire    . . .     SeeInvis .   L - +1 hand axe of the Kidney {chop, rN+ Str+7} (curse)
rCold    . . .     Gourm    .   (no shield)
rNeg     + . .     Faith    .   (armour unavailable)
rPois    +         Spirit   .   j - +2 hat
rElec    .         Reflect  .   o - +0 cloak
rCorr    .         Harm     .   h - +0 pair of gloves
MR       .....                  p - +0 pair of boots
Stlth    ++........             (no amulet)
HPRegen  0.24/turn              (no ring)
MPRegen  0.16/turn              (no ring)

@: no status effects
A: breathe noxious fumes, unfitting armour, poison resistance, cold-blooded, AC
+7
a: Breathe Noxious Fumes, Receive Corpses, Renounce Religion


You were on level 8 of the Dungeon.
You worshipped Kikubaaqudgha.
Kikubaaqudgha was pleased with you.
You were not hungry.

You visited 2 branches of the dungeon, and saw 10 of its levels.
You also visited: Sewer.

You collected 356 gold pieces.
You spent 208 gold pieces at shops.

Inventory:

Hand Weapons
 c - a +2 halberd of flaming
   (You took it off a gnoll on level 3 of the Dungeon)
 L - the cursed +1 hand axe of the Kidney (weapon) {chop, rN+ Str+7}
   (You bought it in a shop on level 9 of the Dungeon)

   It inflicts extra damage upon your enemies.
   It affects your strength (+7).
   It protects you from negative energy.
   It has a curse placed upon it.
Missiles
 b - 236 stones (quivered)
Armour
 h - a +0 pair of gloves (worn)
   (You found it on level 1 of the Dungeon)
 j - a +2 hat (worn)
   (You found it on level 1 of the Dungeon)
 o - a +0 cloak (worn)
   (You found it on level 2 of the Dungeon)
 p - a +0 pair of boots (worn)
   (You found it on level 3 of the Dungeon)
 N - a scarf of spirit shield
   (You found it on level 8 of the Dungeon)
Magical Staves
 E - an uncursed staff of wizardry {!a}
   (You found it on level 6 of the Dungeon)
Jewellery
 z - an uncursed ring of protection from cold {unknown}
   (You found it on level 5 of the Dungeon)
 A - an uncursed ring of resist corrosion {unknown}
   (You found it on level 6 of the Dungeon)
 C - a cursed ring of attention {unknown}
   (You found it on level 6 of the Dungeon)
 H - an uncursed ring of poison resistance {unknown}
   (You found it on level 8 of the Dungeon)
Wands
 q - a wand of polymorph (24)
   (You found it on level 4 of the Dungeon)
 x - a wand of acid (8)
   (You found it on level 6 of the Dungeon)
Scrolls
 d - 4 scrolls of remove curse {unknown}
 f - 3 scrolls of amnesia {unknown}
 g - 7 scrolls of identify {unknown}
 n - 3 scrolls of blinking {unknown}
 r - 2 scrolls of noise {unknown}
 t - 4 scrolls of teleportation {unknown}
 y - 2 scrolls of magic mapping {unknown}
Potions
 a - 2 potions of flight {unknown}
 i - 3 potions of agility {unknown}
 k - a potion of berserk rage {unknown}
 l - 4 potions of heal wounds {unknown}
 m - a potion of haste {@q3}
 s - a potion of degeneration {unknown}
 u - 3 potions of brilliance {unknown}
 v - a potion of ambrosia {unknown}
 w - 2 potions of magic {unknown}
 D - 5 potions of curing {@q1}
 F - a potion of might {unknown}
 G - a potion of resistance {unknown}
 M - a potion of invisibility {unknown}
Comestibles
 e - 11 rations {!d}


   Skills:
 + Level 7.3 Fighting
 + Level 6.4 Dodging
 - Level 1.7 Stealth
 + Level 6.5 Spellcasting
 + Level 6.8 Conjurations
 + Level 7.5 Fire Magic


You had 12 spell levels left.
You knew the following spells:

 Your Spells              Type           Power        Failure   Level  Hunger
a - Flame Tongue          Conj/Fire      ####.        1%          1    None
q - Sticky Flame          Conj/Fire      ####....     5%          4    ####...
x - Fireball              Conj/Fire      ####......   16%         5    #####..

Your spell library contained the following spells:

 Spells                   Type           Power        Failure   Level  Hunger
 Throw Flame              Conj/Fire      ####..       1%          2    None
 Conjure Flame            Conj/Fire      ####....     1%          3    ##.....
 Shock                    Conj/Air       ###.         2%          1    None
 Inner Flame              Hex/Fire       ###.....     7%          3    ##.....
 Static Discharge         Conj/Air       ###.....     8%          3    ##.....
 Pain                     Necr           #...         11%         1    None
 Summon Small Mammal      Summ           #...         11%         1    None
 Call Imp                 Summ           #.......     16%         2    None
 Corpse Rot               Necr           N/A          16%         2    None
 Sublimation of Blood     Necr           #.........   16%         2    None
 Swiftness                Chrm/Air       #.......     16%         2    None
 Call Canine Familiar     Summ           #.......     32%         3    ##.....
 Regeneration             Chrm/Necr      #.........   32%         3    ##.....
 Summon Guardian Golem    Hex/Summ       #.......     32%         3    ##.....
 Lightning Bolt           Conj/Air       ###.......   58%         5    #####..
 Airstrike                Air            #.........   71%         4    ####...
 Summon Ice Beast         Ice/Summ       #.......     71%         4    ####...
 Summon Lightning Spire   Summ/Air       #.......     71%         4    ####...


Dungeon Overview and Level Annotations

Branches:
Dungeon (9/15)             Temple (1/1) D:5
   Lair: D:8-11         Orc: D:9-12

Altars:
Ashenzari
Cheibriados
Dithmenos
Elyvilon
Fedhas
Gozag
Hepliaklqana
Kikubaaqudgha
Makhleb
Nemelex Xobeh
Okawaru
Qazlal
Ru
Sif Muna
Trog
Uskayaw
Vehumet
Wu Jian
Xom
Yredelemnul
Zin
The Shining One

Shops:
D:9 (

Annotations:
D:8 3 runed translucent doors, Exodus22XD's ghost, novice MiFi


Innate Abilities, Weirdness & Mutations

You can breathe blasts of noxious fumes.
Your lurid green scales are hard. (AC +7)
You cannot fit into any form of body armour.
Your system is resistant to poisons. (rPois)
You are cold-blooded and may be slowed by cold attacks.


Message History

The two-headed ogre barely misses you.
Aim: a two-headed ogre, wielding a +0 giant spiked club and a -3 giant club The sticky flame hits the two-headed ogre!
The two-headed ogre is covered in liquid flames!
The two-headed ogre burns!
The two-headed ogre misses you. The two-headed ogre barely misses you.
An orc warrior comes into view. It is wielding a +0 long sword.
The two-headed ogre burns!
You see here an arrow.
The two-headed ogre burns!
The two-headed ogre burns!
The two-headed ogre stops burning.
The centaur shoots an arrow.
The arrow hits you.
You see here an arrow.
The centaur shoots an arrow.
The arrow closely misses you.
The centaur shoots an arrow.
The arrow closely misses you.
The centaur shoots an arrow.
The arrow misses you.
There is a stone staircase leading up here.
The two-headed ogre barely misses you.
The two-headed ogre hits you with a cursed -3 giant club!
* * * LOW HITPOINT WARNING * * *
You climb upwards.
Level annotation: 3 runed translucent doors, Exodus22XD's ghost, novice MiFi
There is a stone staircase leading down here.
Unknown command.
Aim: a two-headed ogre, wielding a +0 giant spiked club and a -3 giant club (moderately wounded)
The sticky flame hits the two-headed ogre.
The two-headed ogre is covered in liquid flames!
The two-headed ogre burns!
The two-headed ogre hits you with a +0 giant spiked club!!
* * * LOW HITPOINT WARNING * * *
The two-headed ogre hits you but does no damage.
The two-headed ogre burns!
The two-headed ogre burns!
The two-headed ogre burns!
The two-headed ogre stops burning.
Exodus22XD's ghost screams, "Zot is a myth, the ORB is a fable, you'll soon be a tale!"
As you read the scroll labeled KICORI VOZOYPH, it crumbles to dust.
Your brain hurts!
It was a scroll of random uselessness.
The two-headed ogre closely misses you. The two-headed ogre barely misses you.
As you read the scroll labeled REEQOWETOO, it crumbles to dust.
You speak a Word of immense power!
It was a scroll of holy word.
As you read the scroll labeled XOXTAF AP IDU, it crumbles to dust.
The scroll dissolves into smoke.
It was a scroll of fog.
The two-headed ogre misses you. The two-headed ogre closely misses you.
As you read the scroll labeled ZAONUFEESO, it crumbles to dust.
Wisps of shadow whirl around you...
It was a scroll of summoning.
The worker ant zombie waves its antennae.
The two-headed ogre misses you.
The two-headed ogre hits you with a cursed -3 giant club!
You die...
Kikubaaqudgha rasps: "You have failed me!
Welcome... death!"

#.####..)####.###........####....
..# ##..##...# #................
.## ##.[..#####......).###.....
## #.##..###^....>...#####...
#.##......#....#...## #...
#.#...##.##.........###...
#.#..###..s§.........##.##
############O§.........##.#
#.#.#Z#..W§@5§.........##.##
####....W#..####§........###..#
###..##%..Z+..# ##...#...#####.#
....##.(..Z+..# #..####...###.#
.######....+.## #...# ###..##.#
## #.....#.# #...# ##.##.# #
#.#.#.#.# ##..# #....# #########
#### ######


You could see a two-headed ogre, a spectral howler monkey, Exodus22XD's ghost, a
worker ant zombie, a friendly phantom (wandering), a friendly scorpion and a
friendly crimson imp.

Vanquished Creatures
  Erica (D:8)
  Pikel (D:8)
  Maurice (D:8)
  A troll (D:7)
  A wyvern (D:8)
  A hungry ghost (D:8)
  Menkaure (D:6)
  An orc warrior (D:6)
  2 ice beasts
  A sky beast (D:4)
  An ogre (D:4)
  3 centaurs
  2 big kobolds
  6 bullfrogs
  2 scorpions
  14 killer bees
  A bullfrog zombie (D:8)
  2 quasits
  2 jellies
  4 orc wizards
  An orc priest (D:3)
  3 hounds
  5 worker ants
  A hound zombie (D:2)
  2 hound skeletons
  2 worker ant zombies
  Robin (D:4)
  10 adders
  8 gnolls
  2 river rats (Sewer)
  3 shadow imps
  4 oozes
  2 adder skeletons
  4 worms
  A dart slug (D:1)
  6 leopard geckos
  23 orcs
  4 ball pythons
  8 giant cockroaches
  14 goblins
  15 hobgoblins
  6 jackals
  7 quokkas
  7 bats
  8 frilled lizards
  24 kobolds
  11 rats
230 creatures vanquished.

Vanquished Creatures (others)
  An orc wizard (D:7)
1 creature vanquished.

Grand Total: 231 creatures vanquished

Notes
Turn   | Place    | Note
-------+----------+-------------------------------------------
     0 | D:1      | MalarOregon the Draconian Fire Elementalist began the quest
                  | for the Orb.
     0 | D:1      | Reached XP level 1. HP: 14/14 MP: 3/3
   537 | D:1      | Reached XP level 2. HP: 22/22 MP: 1/5
   779 | D:1      | Reached skill level 1 in Fighting
   780 | D:1      | Found an iron altar of Okawaru.
  1032 | D:1      | Reached XP level 3. HP: 28/28 MP: 3/6
  1422 | D:2      | Found a faded altar of an unknown god.
  1500 | D:2      | Reached XP level 4. HP: 35/35 MP: 0/7
  2241 | D:3      | Learned a level 4 spell: Sticky Flame
  3078 | D:3      | Reached XP level 5. HP: 41/41 MP: 6/9
  3613 | D:4      | Found a snail-covered altar of Cheibriados.
  3730 | D:4      | Reached XP level 6. HP: 30/50 MP: 7/10
  3968 | D:4      | Found a glowing drain.
  3972 | Sewer    | Entered a sewer
  4596 | D:4      | Noticed Robin
  4638 | D:4      | Killed Robin
  4814 | D:4      | Your scales start taking on a lurid green colour.
  4814 | D:4      | Reached XP level 7. HP: 55/57 MP: 0/12
  4814 | D:4      | Gained mutation: Your system is resistant to poisons.
                  | (rPois) [Green Draconian growth]
  5375 | D:4      | Found a deep blue altar of Sif Muna.
  5540 | D:5      | Entered Level 5 of the Dungeon
  5854 | D:5      | Reached skill level 5 in Fire Magic
  6156 | D:5      | Reached XP level 8. HP: 43/66 MP: 9/14
  6350 | D:5      | Found a staircase to the Ecumenical Temple.
  6527 | D:5      | You fall through a shaft!
  6545 | D:6      | Found a bloodstained altar of Trog.
  7014 | Temple   | Entered the Ecumenical Temple
  7070 | Temple   | Became a worshipper of Kikubaaqudgha
  8006 | D:6      | Noticed Menkaure
  8012 | D:6      | Reached skill level 5 in Fighting
  8016 | D:6      | Killed Menkaure
  8463 | D:7      | Reached skill level 5 in Spellcasting
  8463 | D:7      | Reached skill level 5 in Conjurations
  8523 | D:6      | Reached skill level 5 in Dodging
  8631 | D:7      | Reached * piety under Kikubaaqudgha
  8631 | D:7      | Identified Kikubaaqudgha's Catalogue of Black Rites
                  | (Kikubaaqudgha gifted it to you on level 7 of the Dungeon)
  8631 | D:7      | Received a gift from Kikubaaqudgha
  8706 | D:7      | Reached XP level 9. HP: 64/74 MP: 0/16
  9118 | D:7      | Noticed a troll
  9220 | D:7      | Killed a troll
  9496 | D:8      | Learned a level 5 spell: Fireball
  9661 | D:8      | Noticed Maurice
  9671 | D:8      | Killed Maurice
  9671 | D:8      | Reached ** piety under Kikubaaqudgha
  9800 | D:8      | Noticed a two-headed ogre
  9815 | D:8      | Noticed Pikel
 10153 | D:8      | Noticed Erica
 10173 | D:8      | Killed Erica
 10173 | D:8      | Reached XP level 10. HP: 42/84 MP: 1/19
 10414 | D:8      | Found a stormy altar of Qazlal.
 10457 | D:8      | Killed Pikel
 10622 | D:8      | Found a runed translucent gate.
 10623 | D:8      | Found a runed translucent gate.
 10624 | D:8      | Found a runed translucent gate.
 10625 | D:8      | Noticed Exodus22XD's ghost (novice MiFi)
 10727 | D:9      | Found Fothe's Antique Weapon Emporium.
 10766 | D:9      | Bought an ichor-stained hand axe for 208 gold pieces
 10766 | D:9      | Identified the cursed +1 hand axe of the Kidney {chop, rN+
                  | Str+7} (You bought it in a shop on level 9 of the Dungeon)
 10769 | D:9      | Found a shattered altar of Ashenzari.
 10770 | D:9      | Found a shadowy altar of Dithmenos.
 10783 | D:9      | Found a shimmering altar of Xom.
 10801 | D:9      | Noticed a two-headed ogre
 10826 | D:8      | Mangled by a two-headed ogre

Skill      XL: |  1  2  3  4  5  6  7  8  9 10 |
---------------+-------------------------------+-----
Dodging        | 2 3 4 5 6 |  6.4
Fighting       | 1 2 3 4 5 6 7 |  7.3
Conjurations   | 2 3 4 5 6 |  6.8
Spellcasting   | 3 4 5 6 |  6.5
Fire Magic     | 4 5 6 7 |  7.5
Stealth        | |  1.7

Action                   |  1- 3 |  4- 6 |  7- 9 | 10-12 || total
-------------------------+-------+-------+-------+-------++-------
Melee: Unarmed           |     2 |       |       |       ||     2
       Short sword       |    33 |    29 |       |       ||    62
       Tailslap          |     3 |     9 |     5 |       ||    17
       Long sword        |       |    11 |       |       ||    11
       Halberd           |       |   119 |   129 |     4 ||   252
       Hand axe          |       |       |       |    10 ||    10
 Cast: Flame Tongue      |    69 |   117 |   183 |    23 ||   392
       Sticky Flame      |       |       |    20 |     5 ||    25
  Use: Scroll            |       |       |       |     4 ||     4
 Stab: Sleeping          |       |     3 |     4 |       ||     7
  Eat: Chunk             |     3 |    11 |    15 |     2 ||    31
       Ration            |       |       |     3 |       ||     3
Armor: Skin              |    17 |   103 |   124 |    25 ||   269
Dodge: Dodged            |    31 |   169 |   256 |    59 ||   515
       Rpst.: Long sword |       |     1 |       |       ||     1
